AoeStats
← Kanata

Arena

509043551Analyzed
2v2 RM · 7d ago on Sep 25, 2026· 40m 3s· 4 players
Game mode
Random Map
Map size
Medium (4 player)
Population
200
Speed
Normal
Resources
Standard
Victory
Conquest
Starting age
Dark Age
Ending age
Imperial Age
RankedLock teamsTeams togetherTeam positionsShared explorationLock speedFull tech treeHidden civsTurbo modeCheats
Victory
Defeat
🇨🇳 Bohemians · China
844
+16
🇨🇳 Turks · China
840
+16
🇪🇸 Malians · Spain
889
-18
🇮🇳 Teutons · India
793
-18
Acerlatu
11:40 Feudal Age
15:57 Castle Age
14:38 Double-Bit Axe
15:37 Horse Collar
17:10 Wheelbarrow
18:29 Bow Saw
21:33 Loom
22:31 Town Watch
22:55 Heavy Plow
30:40 Imperial Age
29:03 Hand Cart
33:21 Ballistics
33:22 Bombard Tower
36:00 Fletching
37:00 Stone Mining
37:00 Gold Mining
37:33 Bodkin Arrow
38:45 Conscription
38:23 Elite Janissary
Kanata
12:19 Feudal Age
13:28 Horse Collar
13:52 Double-Bit Axe
19:11 Castle Age
21:34 Heavy Plow
22:32 Wheelbarrow
23:53 Hand Cart
28:06 Imperial Age
27:19 Bow Saw
27:21 Loom
27:21 Town Watch
30:01 Chemistry
29:23 Ballistics
29:13 Fletching
30:08 Bodkin Arrow
31:24 Hussite Reforms
32:44 Two-Man Saw
34:02 Elite Hussite Wagon
34:08 Houfnice
35:15 Hussite Reforms
35:47 Conscription
35:34 Wagenburg Tactics
36:48 Siege Engineers
36:55 Fortified Wall
37:13 Bracer
37:38 Padded Archer Armor
37:52 Scale Mail Armor
NEFFEX2532
12:00 Feudal Age
15:12 Wheelbarrow
17:36 Double-Bit Axe
23:50 Castle Age
22:47 Forging
24:07 Elite Skirmisher
27:10 Iron Casting
26:36 Padded Archer Armor
26:36 Scale Mail Armor
26:42 Scale Barding Armor
26:28 Fletching
31:07 Bow Saw
32:10 Hand Cart
32:20 Leather Archer Armor
32:21 Chain Mail Armor
32:27 Chain Barding Armor
32:03 Bodkin Arrow
Dani_Jiren
0:29 Loom
10:53 Feudal Age
12:12 Wheelbarrow
16:56 Castle Age
15:02 Horse Collar
16:29 Stone Mining
23:11 Hand Cart
25:00 Heavy Plow
33:56 Imperial Age
34:43 Gold Mining
35:16 Conscription
37:19 Chemistry
Connection lost

Rejoining the realm…

Still unreachable

The connection could not be restored.

Session expired

The server has moved on; the page needs a fresh start.